TOP OF THE 1ST |
Modesto Nuts batting - Pitching for Wilmington Blue Rocks : RHP Mike Valdez
|
Pitching: RHP Mike Valdez
|
|
Batting: RHB Kevin Tangeman
|
0-0: Ball 1-0: Called Strike 1-1: Ball 2-1: Bunt missed! 2-2: Foul Ball, location: 2F 2-2: Fly out, F7 (Flyball, 7LM, EV 81.9 MPH)
|
Batting: SHB Craig Ruzic
|
0-0: Ball 1-0: Swinging Strike 1-1: Foul Ball, location: 2F 1-2: Ball 2-2: Ball 3-2: Foul Ball, location: 2F 3-2: Base on Balls
|
Batting: RHB John Corfield
|
0-0: Called Strike 0-1: Ball 1-1: DOUBLE (Line Drive, 8LXD, EV 103.8 MPH) Craig Ruzic to third
|
Batting: RHB Ray Insley
|
0-0: Called Strike 0-1: Ball 1-1: Foul Ball, location: 2F 1-2: Ball 2-2: Strikes out swinging
|
Batting: RHB Andy Rayer
|
0-0: Ball 1-0: Ball 2-0: Ball 3-0: Base on Balls
|
Batting: RHB Manny Thompson
|
0-0: Ball 1-0: Foul Ball, location: 2F 1-1: Ball 2-1: DOUBLE (Line Drive, 89D, EV 105.0 MPH) Craig Ruzic scores John Corfield scores Andy Rayer to third
|
Batting: SHB Justin Jackson
|
0-0: Ball 1-0: Foul Ball, location: 2F 1-1: Ball 2-1: Ball 3-1: Base on Balls
|
Batting: RHB Willie Benito
|
0-0: Foul Ball, location: 2F 0-1: Called Strike 0-2: Ball 1-2: Ball 2-2: Ball 3-2: Ground out 6-3 (Groundball, 56D, EV 107.5 MPH)
|
Top of the 1st over - 2 runs, 2 hits, 0 errors, 3 left on base; Modesto 2 - Wilmington 0 |
BOTTOM OF THE 1ST |
Wilmington Blue Rocks batting - Pitching for Modesto Nuts : RHP Logan Ramsey
|
Pitching: RHP Logan Ramsey
|
|
Batting: RHB Kasey Bland
|
0-0: Called Strike 0-1: Ball 1-1: Ball 2-1: Ground out 4-3 (Groundball, 4, EV 88.1 MPH)
|
Batting: LHB Edgar Ortiz
|
0-0: Ball 1-0: Ball 2-0: Called Strike 2-1: Foul Ball, location: 2F 2-2: Ball 3-2: Strikes out swinging
|
Batting: LHB Pablo Serrato
|
0-0: Called Strike 0-1: Swinging Strike 0-2: Strikes out swinging
|
Bottom of the 1st over - 0 runs, 0 hits, 0 errors, 0 left on base; Modesto 2 - Wilmington 0 |
TOP OF THE 2ND |
Modesto Nuts batting - Pitching for Wilmington Blue Rocks : RHP Mike Valdez
|
Pitching: LHP Tyler Abraham
|
|
Batting: RHB Ighlas Mwara
|
0-0: Ball 1-0: Ball 2-0: Foul Ball, location: 2F 2-1: SINGLE (Groundball, 3S, EV 65.6 MPH) (infield hit)
|
Batting: RHB Kevin Tangeman
|
0-0: Called Strike 0-1: Called Strike 0-2: Foul Ball, location: 2F 0-2: Strikes out swinging
|
Batting: SHB Craig Ruzic
|
0-0: Ball 1-0: Ball Ighlas Mwara steals 2nd base (no throw) 2-0: TRIPLE (Groundball, 3L, EV 101.2 MPH) Ighlas Mwara scores
|
Batting: RHB John Corfield
|
0-0: Foul Ball, location: 2F 0-1: Swinging Strike 0-2: Strikes out swinging
|
Batting: RHB Ray Insley
|
0-0: Ball 1-0: Foul Ball, location: 2F 1-1: Ball 2-1: Called Strike 2-2: Ball 3-2: Foul Ball, location: 2F 3-2: Base on Balls
|
Batting: RHB Andy Rayer
|
0-0: TRIPLE (Line Drive, 89XD, EV 109.4 MPH) Craig Ruzic scores Ray Insley scores
|
Batting: RHB Manny Thompson
|
0-0: Foul Ball, location: 2F 0-1: Ball 1-1: Foul Ball, location: 2F 1-2: Ball 2-2: Ball 3-2: Foul Ball, location: 2F 3-2: 2-RUN HOME RUN (Flyball, 89XD, EV 98.1 MPH), Distance : 396 ft
|
Pitching: RHP Bryan Kiefer
|
|
Batting: SHB Justin Jackson
|
0-0: Ball 1-0: Foul Ball, location: 2F 1-1: Ball 2-1: SINGLE (Groundball, 4MS, EV 67.5 MPH) (infield hit)
|
Batting: RHB Willie Benito
|
0-0: Foul Ball, location: 2F 0-1: Swinging Strike 0-2: Ball 1-2: Strikes out swinging
|
Top of the 2nd over - 5 runs, 5 hits, 0 errors, 1 left on base; Modesto 7 - Wilmington 0 |
BOTTOM OF THE 2ND |
Wilmington Blue Rocks batting - Pitching for Modesto Nuts : RHP Logan Ramsey
|
Batting: RHB Phil Hamby
|
0-0: Ball 1-0: Ball 2-0: Foul Ball, location: 2F 2-1: Foul Ball, location: 2F 2-2: Foul Ball, location: 2F 2-2: SINGLE (Groundball, 6MD, EV 95.0 MPH)
|
Batting: RHB Chang-keun Baik
|
0-0: Ball 1-0: Swinging Strike 1-1: Fly out, F8 (Flyball, 8RD, EV 98.8 MPH)
|
Batting: RHB Carlos Almada
|
0-0: Grounds into double play, 4-6-3 (Groundball, 4M, EV 80.6 MPH)
|
Bottom of the 2nd over - 0 runs, 1 hit, 0 errors, 0 left on base; Modesto 7 - Wilmington 0 |
TOP OF THE 3RD |
Modesto Nuts batting - Pitching for Wilmington Blue Rocks : RHP Bryan Kiefer
|
Batting: RHB Ighlas Mwara
|
0-0: Called Strike 0-1: Ball 1-1: Hit by Pitch
|
Batting: RHB Kevin Tangeman
|
0-0: Ball Wild Pitch! Ighlas Mwara to second 1-0: Ball 2-0: Ball 3-0: Called Strike 3-1: Swinging Strike 3-2: Strikes out swinging
|
Batting: SHB Craig Ruzic
|
0-0: Called Strike 0-1: Called Strike 0-2: Ball 1-2: Ground out 6-3 (Groundball, 6, EV 81.2 MPH) Ighlas Mwara to third
|
Batting: RHB John Corfield
|
0-0: Swinging Strike 0-1: Ball 1-1: Ground out 6-3 (Groundball, 6, EV 86.9 MPH)
|
Top of the 3rd over - 0 runs, 0 hits, 0 errors, 1 left on base; Modesto 7 - Wilmington 0 |
BOTTOM OF THE 3RD |
Wilmington Blue Rocks batting - Pitching for Modesto Nuts : RHP Logan Ramsey
|
Batting: LHB Randy Stapleton
|
0-0: Ball 1-0: Swinging Strike 1-1: Ball 2-1: Ball 3-1: Base on Balls
|
Batting: LHB Josh Dalton
|
0-0: Called Strike 0-1: Swinging Strike 0-2: Strikes out swinging
|
Batting: RHB Jason Birge
|
0-0: Fly out, F8 (Line Drive, 8RD, EV 90.6 MPH)
|
Batting: RHB Kasey Bland
|
0-0: Ball 1-0: Called Strike 1-1: Called Strike 1-2: Ball 2-2: Foul Ball, location: 2F 2-2: Foul Ball, location: 2F 2-2: Strikes out swinging
|
Bottom of the 3rd over - 0 runs, 0 hits, 0 errors, 1 left on base; Modesto 7 - Wilmington 0 |
TOP OF THE 4TH |
Modesto Nuts batting - Pitching for Wilmington Blue Rocks : RHP Bryan Kiefer
|
Pitching: RHP Philip Terrell
|
|
Batting: RHB Ray Insley
|
0-0: Called Strike 0-1: Ball 1-1: Called Strike 1-2: Ball 2-2: Ball 3-2: Foul Ball, location: 2F 3-2: DOUBLE (Flyball, 8RXD, EV 98.8 MPH)
|
Batting: RHB Andy Rayer
|
0-0: Swinging Strike 0-1: Ball 1-1: Called Strike 1-2: Ball 2-2: Ground out U3 (Groundball, 34S, EV 66.9 MPH) Ray Insley to third
|
Batting: RHB Manny Thompson
|
0-0: Ball 1-0: Ground out 6-3 (Groundball, 6S, EV 81.2 MPH) Ray Insley scores
|
Batting: SHB Justin Jackson
|
0-0: Called Strike 0-1: Ball 1-1: Foul Ball, location: 2F 1-2: Ball 2-2: Ball 3-2: Strikes out swinging
|
Top of the 4th over - 1 run, 1 hit, 0 errors, 0 left on base; Modesto 8 - Wilmington 0 |
BOTTOM OF THE 4TH |
Wilmington Blue Rocks batting - Pitching for Modesto Nuts : RHP Logan Ramsey
|
Batting: LHB Edgar Ortiz
|
0-0: Ground out 3-1 (Groundball, 3L, EV 102.5 MPH)
|
Batting: LHB Pablo Serrato
|
0-0: Called Strike 0-1: Ball 1-1: Ball 2-1: Ball 3-1: Base on Balls
|
Batting: RHB Phil Hamby
|
0-0: Fly out, F9 (Line Drive, 9D, EV 83.1 MPH)
|
Batting: RHB Chang-keun Baik
|
0-0: SINGLE (Groundball, 4MD, EV 106.2 MPH) Pablo Serrato to second
|
Batting: RHB Carlos Almada
|
0-0: Called Strike 0-1: Ball 1-1: Called Strike 1-2: Fielders Choice at 2nd, 5-4 (Groundball, 5, EV 81.9 MPH)
|
Bottom of the 4th over - 0 runs, 1 hit, 0 errors, 2 left on base; Modesto 8 - Wilmington 0 |
TOP OF THE 5TH |
Modesto Nuts batting - Pitching for Wilmington Blue Rocks : RHP Philip Terrell
|
Pitching: RHP Tony Jimenez
|
|
Batting: RHB Willie Benito
|
0-0: Ball 1-0: Called Strike 1-1: Reached on error, E5 (Groundball, 56S, EV 81.2 MPH)
|
Batting: RHB Ighlas Mwara
|
0-0: Fly out, F8 (Flyball, 8RD, EV 99.4 MPH)
|
Batting: RHB Kevin Tangeman
|
0-0: Foul Ball, location: 2F 0-1: Ball 1-1: Foul Ball, location: 2F 1-2: Strikes out swinging
|
Batting: SHB Craig Ruzic
|
0-0: Ball 1-0: Ball 2-0: Ball 3-0: Called Strike 3-1: Swinging Strike 3-2: Fly out, F4 (Popup, 13S, EV 88.8 MPH)
|
Top of the 5th over - 0 runs, 0 hits, 1 error, 1 left on base; Modesto 8 - Wilmington 0 |
BOTTOM OF THE 5TH |
Wilmington Blue Rocks batting - Pitching for Modesto Nuts : RHP Logan Ramsey
|
Batting: LHB Randy Stapleton
|
0-0: Ball 1-0: Foul Ball, location: 2F 1-1: Swinging Strike 1-2: TRIPLE (Groundball, 3L, EV 110.0 MPH)
|
Batting: LHB Josh Dalton
|
0-0: Called Strike 0-1: Called Strike 0-2: Ball 1-2: Foul Ball, location: 2F 1-2: Ball 2-2: SINGLE (Line Drive, 8LS, EV 106.2 MPH) Randy Stapleton scores
|
Batting: RHB Jason Birge
|
0-0: Fly out, F9 (Flyball, 9, EV 91.2 MPH)
|
Batting: RHB Kasey Bland
|
0-0: Ball 1-0: 2-RUN HOME RUN (Flyball, 7D, EV 99.4 MPH), Distance : 372 ft
|
Batting: LHB Edgar Ortiz
|
0-0: Ball 1-0: Ball 2-0: Ground out 6-3 (Groundball, 4MS, EV 89.4 MPH)
|
Batting: LHB Pablo Serrato
|
0-0: Ball 1-0: Called Strike 1-1: Ball 2-1: Ball 3-1: Base on Balls
|
Batting: RHB Phil Hamby
|
0-0: Ball 1-0: Foul Ball, location: 2F 1-1: Called Strike 1-2: Ball 2-2: Ball 3-2: 2-RUN HOME RUN (Flyball, 7D, EV 95.6 MPH), Distance : 368 ft
|
Pitching: RHP Tsuneyoshi Kubo
|
|
Batting: RHB Chang-keun Baik
|
0-0: Called Strike 0-1: Ball 1-1: Swinging Strike 1-2: Foul Ball, location: 2F 1-2: Ball 2-2: Hit by Pitch
|
Batting: RHB Carlos Almada
|
0-0: Ball 1-0: Foul Ball, location: 2F 1-1: Called Strike Chang-keun Baik is caught stealing 2nd base 2-4
|
Bottom of the 5th over - 5 runs, 4 hits, 0 errors, 0 left on base; Modesto 8 - Wilmington 5 |
TOP OF THE 6TH |
Modesto Nuts batting - Pitching for Wilmington Blue Rocks : RHP Tony Jimenez
|
Batting: RHB John Corfield
|
0-0: Called Strike 0-1: Foul Ball, location: 2F 0-2: Fly out, F8 (Flyball, 8RM, EV 97.5 MPH)
|
Batting: RHB Ray Insley
|
0-0: Ball 1-0: DOUBLE (Flyball, 78D, EV 104.4 MPH)
|
Pitching: RHP Kolenka Leschenya
|
|
Batting: RHB Andy Rayer
|
0-0: Ball Passed Ball! Ray Insley to third 1-0: Called Strike 1-1: Called Strike 1-2: Foul Ball, location: 2F 1-2: Ball 2-2: Ball 3-2: Strikes out swinging
|
Batting: RHB Manny Thompson
|
0-0: Ball 1-0: Ball 2-0: Ball 3-0: Swinging Strike 3-1: Ground out 1-3 (Groundball, 13S, EV 68.1 MPH)
|
Top of the 6th over - 0 runs, 1 hit, 0 errors, 1 left on base; Modesto 8 - Wilmington 5 |
BOTTOM OF THE 6TH |
Wilmington Blue Rocks batting - Pitching for Modesto Nuts : RHP Tsuneyoshi Kubo
|
Batting: RHB Carlos Almada
|
0-0: Called Strike 0-1: Ball 1-1: Foul Ball, location: 2F 1-2: Ball 2-2: Ball 3-2: Foul Ball, location: 2F 3-2: Base on Balls
|
Batting: LHB Randy Stapleton
|
0-0: Foul Ball, location: 2F 0-1: Ball 1-1: Foul Ball, location: 2F 1-2: Ball 2-2: Hit by Pitch Carlos Almada to second
|
Batting: LHB Josh Dalton
|
0-0: Ball 1-0: Called Strike 1-1: Swinging Strike 1-2: Strikes out looking
|
Pitching: RHP Curt De Kock
|
|
Batting: RHB Jason Birge
|
0-0: Called Strike 0-1: Ball 1-1: Grounds into double play, 6-4-3 (Groundball, 6, EV 83.8 MPH)
|
Bottom of the 6th over - 0 runs, 0 hits, 0 errors, 1 left on base; Modesto 8 - Wilmington 5 |
TOP OF THE 7TH |
Modesto Nuts batting - Pitching for Wilmington Blue Rocks : RHP Kolenka Leschenya
|
Batting: SHB Justin Jackson
|
0-0: Ball 1-0: Called Strike 1-1: Ground out U3 (Groundball, 3S, EV 90.6 MPH)
|
Batting: RHB Willie Benito
|
0-0: Ball 1-0: Ball 2-0: Ball 3-0: Base on Balls
|
Pitching: LHP Butch Ott
|
|
Batting: RHB Ighlas Mwara
|
0-0: Called Strike 0-1: Called Strike 0-2: Ball 1-2: Grounds into double play, 6-4-3 (Groundball, 6, EV 102.5 MPH)
|
Top of the 7th over - 0 runs, 0 hits, 0 errors, 0 left on base; Modesto 8 - Wilmington 5 |
BOTTOM OF THE 7TH |
Wilmington Blue Rocks batting - Pitching for Modesto Nuts : RHP Curt De Kock
|
Batting: RHB Kasey Bland
|
0-0: Ball 1-0: Called Strike 1-1: Ball 2-1: Ground out U3 (Groundball, 13, EV 86.9 MPH)
|
Batting: LHB Edgar Ortiz
|
0-0: Ball 1-0: Swinging Strike 1-1: Foul Ball, location: 2F 1-2: Ball 2-2: Foul Ball, location: 2F 2-2: Ball 3-2: Foul Ball, location: 2F 3-2: Ground out 5-3 (Groundball, 56S, EV 63.1 MPH)
|
Batting: LHB Pablo Serrato
|
0-0: Called Strike 0-1: Ball 1-1: Ball 2-1: Foul Ball, location: 2F 2-2: Strikes out swinging
|
Bottom of the 7th over - 0 runs, 0 hits, 0 errors, 0 left on base; Modesto 8 - Wilmington 5 |
TOP OF THE 8TH |
Modesto Nuts batting - Pitching for Wilmington Blue Rocks : LHP Butch Ott
|
Batting: RHB Kevin Tangeman
|
0-0: Ball 1-0: Called Strike 1-1: Ball 2-1: Called Strike 2-2: Foul Ball, location: 2F 2-2: Ball 3-2: Foul Ball, location: 2F 3-2: Foul Ball, location: 2F 3-2: Ground out U3 (Groundball, 3, EV 83.1 MPH)
|
Batting: SHB Craig Ruzic
|
0-0: Ball 1-0: Ball 2-0: Ball 3-0: Called Strike 3-1: Called Strike 3-2: Base on Balls
|
Pitching: RHP Junsuke Abe
|
|
Batting: RHB John Corfield
|
0-0: Ball 1-0: Fly out, F4 (Line Drive, 4, EV 75.0 MPH)
|
Batting: RHB Ray Insley
|
0-0: Foul Ball, location: 2F 0-1: Ball 1-1: Fielders Choice at 2nd, 5-4 (Groundball, 5, EV 89.4 MPH)
|
Top of the 8th over - 0 runs, 0 hits, 0 errors, 1 left on base; Modesto 8 - Wilmington 5 |
BOTTOM OF THE 8TH |
Wilmington Blue Rocks batting - Pitching for Modesto Nuts : RHP Curt De Kock
|
Batting: RHB Phil Hamby
|
0-0: Fly out, F7 (Flyball, 7, EV 94.4 MPH)
|
Pitching: RHP Bobby Servin
|
|
Batting: RHB Chang-keun Baik
|
0-0: Called Strike 0-1: Ball 1-1: Foul Ball, location: 2F 1-2: Strikes out swinging
|
Batting: RHB Carlos Almada
|
0-0: Foul Ball, location: 2F 0-1: Foul Ball, location: 2F 0-2: Strikes out swinging
|
Bottom of the 8th over - 0 runs, 0 hits, 0 errors, 0 left on base; Modesto 8 - Wilmington 5 |
TOP OF THE 9TH |
Modesto Nuts batting - Pitching for Wilmington Blue Rocks : RHP Junsuke Abe
|
Batting: RHB Andy Rayer
|
0-0: Called Strike 0-1: Called Strike 0-2: Ball 1-2: Ball 2-2: Ground out U3 (Groundball, 34S, EV 86.2 MPH)
|
Batting: RHB Manny Thompson
|
0-0: Ball 1-0: Foul Ball, location: 2F 1-1: Ground out 6-3 (Groundball, 6MS, EV 81.9 MPH)
|
Batting: SHB Justin Jackson
|
0-0: Called Strike 0-1: Swinging Strike 0-2: Ball 1-2: Ball 2-2: Ground out U3 (Groundball, 34S, EV 86.2 MPH)
|
Top of the 9th over - 0 runs, 0 hits, 0 errors, 0 left on base; Modesto 8 - Wilmington 5 |
BOTTOM OF THE 9TH |
Wilmington Blue Rocks batting - Pitching for Modesto Nuts : RHP Bobby Servin
|
Pitching: RHP Travis Palmisano
|
|
Batting: LHB Randy Stapleton
|
0-0: Ball 1-0: Foul Ball, location: 2F 1-1: Ball 2-1: Fly out, F8 (Flyball, 89D, EV 100.0 MPH)
|
Batting: LHB Josh Dalton
|
0-0: Ball 1-0: Foul Ball, location: 2F 1-1: Ball 2-1: Foul Ball, location: 2F 2-2: Foul Ball, location: 2F 2-2: SOLO HOME RUN (Flyball, 9D, EV 95.0 MPH), Distance : 355 ft
|
Batting: RHB Jason Birge
|
0-0: Swinging Strike 0-1: Ball 1-1: Swinging Strike 1-2: Ground out 4-3 (Groundball, 4MS, EV 93.8 MPH)
|
Batting: RHB Kasey Bland
|
0-0: Called Strike 0-1: Ball 1-1: Fly out, F7 (Flyball, 7S, EV 86.2 MPH)
|
Bottom of the 9th over - 1 run, 1 hit, 0 errors, 0 left on base; Modesto 8 - Wilmington 6 |
|